 Dungeon Crawl Stone Soup version 0.22-a0-580-gd5db89c (webtiles) character file.

933 gmonis the Basher (level 7, -12/57 HPs)
             Began as a Minotaur Berserker on July 2, 2018.
             Was a Priest of Trog.
             Mangled by Prince Ribbit (14 damage)
             ... on level 5 of the Dungeon.
             The game lasted 00:08:21 (5330 turns).

gmonis the Basher (Minotaur Berserker)              Turns: 5330, Time: 00:08:22

Health: -12/57     AC:  2    Str: 21    XL:     7   Next: 86%
Magic:  6/6        EV: 12    Int:  4    God:    Trog [***...]
Gold:   219        SH:  5    Dex: 12    Spells: 6/6 levels left

rFire    . . .     SeeInvis .   a - +0 mace
rCold    . . .     Gourm    .   r - +0 buckler
rNeg     . . .     Faith    .   b - +0 animal skin
rPois    .         Spirit   .   (helmet restricted)
rElec    .         Reflect  .   (no cloak)
rCorr    .         Harm     .   (no gloves)
MR       .....                  (no boots)
Stlth    +.........             (no amulet)
HPRegen  0.19/turn              (no ring)
MPRegen  0.10/turn              (no ring)

@: berserk cooldown, slowed, very slow
A: retaliatory headbutt, horns 2
a: Berserk, Trog's Hand, Renounce Religion


You were on level 5 of the Dungeon.
You worshipped Trog.
Trog was most pleased with you.
You were near starving.

You visited 1 branch of the dungeon, and saw 5 of its levels.

You collected 219 gold pieces.

Inventory:

Hand Weapons
 a - a +0 mace (weapon)
 x - a -2 mace
Missiles
 i - 113 stones (quivered)
Armour
 b - a +0 animal skin (worn)
 r - a +0 buckler (worn)
Scrolls
 e - 2 scrolls of immolation {unknown}
 f - 7 scrolls of identify
 g - 3 scrolls of fear {unknown}
 h - 3 scrolls of remove curse
 j - 2 scrolls of teleportation {unknown}
 l - 2 scrolls of random uselessness {unknown}
 m - 2 scrolls of enchant armour {unknown}
 n - a scroll of fog {unknown}
 p - 2 scrolls of magic mapping {unknown}
 q - a scroll of enchant weapon {unknown}
 t - a scroll of amnesia {unknown}
 w - a scroll of noise {unknown}
Potions
 d - 3 potions of brilliance
 k - a potion of cancellation {unknown}
 o - 4 potions of mutation
 s - a potion of agility {unknown}
 u - 2 potions of magic {unknown}
 v - 3 potions of might
 z - a potion of lignification {unknown}
Comestibles
 c - 3 rations


   Skills:
 - Level 3.6 Fighting
 * Level 9.7 Maces & Flails
 + Level 4.3 Armour
 - Level 2.1 Dodging
 + Level 4.5 Shields


You had 6 spell levels left.
You didn't know any spells.
Your spell library was empty.

Dungeon Overview and Level Annotations

Branches:
Dungeon (5/15)
 Temple: D:4-7

Altars:
Ashenzari

Shops:
D:4 %

Annotations:
D:5 Prince Ribbit


Innate Abilities, Weirdness & Mutations

You reflexively headbutt those who attack you in melee.
You have a pair of horns on your head.


Message History

You are exhausted.
You feel yourself slow down. Prince Ribbit hits you!
You hit Prince Ribbit but do no damage. Prince Ribbit closely misses you.
Prince Ribbit barely misses you.
You barely miss Prince Ribbit. Your headbutt misses Prince Ribbit.
Prince Ribbit hits you. Prince Ribbit barely misses you.
You furiously retaliate!
You headbutt Prince Ribbit. You hit Prince Ribbit but do no damage.
Your headbutt misses Prince Ribbit.
Prince Ribbit is lightly wounded.
Prince Ribbit hits you! Prince Ribbit barely misses you.
You closely miss Prince Ribbit.
Prince Ribbit is lightly wounded.
Prince Ribbit hits you. You block Prince Ribbit's attack.
You closely miss Prince Ribbit. Your headbutt misses Prince Ribbit.
Prince Ribbit hits you. Prince Ribbit hits you!
* * * LOW HITPOINT WARNING * * *
You miss Prince Ribbit. You headbutt Prince Ribbit!
Prince Ribbit is moderately wounded.
You block Prince Ribbit's attack. Prince Ribbit hits you!
You die...

#....................#
#....^.......^.......+
#.....###+#####+##..##
#.....##..###...# ...#
#....<....+.....# ##.#
#.........#.....##..##
########..#....†.....#
#.....##..#.F........#
#.....##..###@..######
#.....##..###...####
#......)...#.......# .
#.....##)..#.......#
..##.<...#######.....##
.........## #.....#
..##..[...# #.....# .
##'##### #.....#
..##.....#######.....#


You could see Prince Ribbit.

Vanquished Creatures
  The ghost of vierth the Chopper, a novice MiFi (D:4)
  2 sky beasts (D:5)
  3 hounds (D:4)
  3 orc priests (D:4)
  2 orc wizards
  10 adders
  An ooze (D:1)
  An adder zombie (D:5)
  5 worms
  A dart slug (D:1)
  6 leopard geckos
  14 orcs
  5 ball pythons
  8 bats
  6 giant cockroaches
  6 goblins
  3 hobgoblins
  2 jackals (D:2)
  2 frilled lizards (D:3)
  9 kobolds
  2 rats (D:2)
92 creatures vanquished.

Notes
Turn   | Place    | Note
-------+----------+-------------------------------------------
     0 | D:1      | gmonis the Minotaur Berserker began the quest for the Orb.
     0 | D:1      | Reached XP level 1. HP: 19/19 MP: 0/0
   186 | D:1      | Reached skill level 4 in Maces & Flails
   318 | D:1      | Reached XP level 2. HP: 26/26 MP: 1/1
  1169 | D:2      | Reached skill level 5 in Maces & Flails
  1169 | D:2      | Reached XP level 3. HP: 13/31 MP: 2/2
  1800 | D:2      | Reached ** piety under Trog
  2070 | D:2      | Reached skill level 6 in Maces & Flails
  2070 | D:2      | Reached XP level 4. HP: 39/39 MP: 3/3
  3042 | D:3      | Reached XP level 5. HP: 42/45 MP: 4/4
  3116 | D:3      | Found a shattered altar of Ashenzari.
  3119 | D:3      | Reached skill level 7 in Maces & Flails
  3416 | D:4      | Reached skill level 1 in Shields
  3815 | D:4      | Reached XP level 6. HP: 35/51 MP: 5/5
  3822 | D:4      | Reached *** piety under Trog
  3824 | D:4      | Reached skill level 8 in Maces & Flails
  4181 | D:4      | Found Amotudis's Food Shoppe.
  4281 | D:4      | Found a runed door.
  4286 | D:4      | Noticed vierth's ghost (novice MiFi)
  4301 | D:4      | Killed vierth's ghost
  4301 | D:4      | Reached skill level 9 in Maces & Flails
  4301 | D:4      | Reached XP level 7. HP: 57/57 MP: 6/6
  4664 | D:5      | Entered Level 5 of the Dungeon
  4848 | D:5      | Noticed Prince Ribbit
  5329 | D:5      | HP: 1/57 [Prince Ribbit (17)]
  5330 | D:5      | Mangled by Prince Ribbit

Vault maps used:
D:1:      nagdon_arrival_double_spiral
D:2:      first_ration
D:3:      ashenzari_altar_1
D:4:      serial_shops, shop, ebering_ghost_reflecting_pool
D:5:      uniq_prince_ribbit1

Skill      XL: |  1  2  3  4  5  6  7 |
---------------+----------------------+-----
Maces & Flails | 4 5 6 7 9 |  9.7
Shields        | 2 3 4 |  4.5
Armour         | 3 4 |  4.3
Fighting       | |  3.6
Dodging        | |  2.1

Action                   |  1- 3 |  4- 6 |  7- 9 || total
-------------------------+-------+-------+-------++-------
Melee: Mace              |    75 |   117 |    67 ||   259
       Headbutt          |     6 |    19 |    13 ||    38
Throw: Stone             |       |    11 |       ||    11
Invok: Berserk           |     1 |     2 |     2 ||     5
  Use: Scroll            |       |       |     5 ||     5
  Eat: Chunk             |     4 |     7 |     2 ||    13
       Ration            |       |       |     1 ||     1
Armor: Animal skin       |    11 |     8 |     3 ||    22
Dodge: Dodged            |    50 |    68 |    27 ||   145
Block: Buckler           |       |    12 |    10 ||    22

Table legend:
 A = Spawn XP
 B = Non-spawn XP
 C = Spawn XP percentage of total XP
 D = Spawn monster count
 E = Non-spawn monster count
 F = Spawn count percentage of total count
 G = Total turns spent on level
                    A         B        C        D         E        F      G
               +---------+---------+-------+---------+---------+-------+---------
         Total |       0 |    1334 |   0.0 |       0 |      92 |   0.0 |  5330
               +---------+---------+-------+---------+---------+-------+---------
           D:1 |       0 |      25 |   0.0 |       0 |       9 |   0.0 |  1078
           D:2 |       0 |     112 |   0.0 |       0 |      32 |   0.0 |  1530
           D:3 |       0 |     102 |   0.0 |       0 |      27 |   0.0 |   762
           D:4 |       0 |     774 |   0.0 |       0 |      13 |   0.0 |  1478
           D:5 |       0 |     321 |   0.0 |       0 |      11 |   0.0 |   482
               +---------+---------+-------+---------+---------+-------+---------
